 Dungeon Crawl Stone Soup version 0.29-a0-392-g297d3b089c (console) character file.

Game seed: 18272833303563296561

891 jejorda2 the Carver (level 8, -1/62 HPs)
             Began as a Merfolk Gladiator on May 8, 2022.
             Was a Follower of Okawaru.
             Slain by a gnoll
             ... wielding a +0 halberd
             ... led by a gnoll shaman
              (8 damage)
             ... on level 5 of the Dungeon.
             The game lasted 00:12:21 (5428 turns).

jejorda2 the Carver (Merfolk Gladiator)             Turns: 5428, Time: 00:12:21

Health: -1/62      AC:  7    Str: 14    XL:     8   Next: 6%
Magic:  9/9        EV: 12    Int:  7    God:    Okawaru [*.....]
Gold:   314        SH:  0    Dex: 18    Spells: 7/7 levels left

rFire   . . .      SeeInvis .   a - +0 long sword
rCold   . . .      Faith    .   (no shield)
rNeg    . . .      Spirit   .   B - +0 ring mail
rPois   .          Reflect  .   c - +0 helmet
rElec   .          Harm     .   (no cloak)
rCorr   .          Rampage  .   z - +0 pair of gloves
Will    +....                   (no boots)
Stlth   +.........              (no amulet)
HPRegen 0.20/turn               m - ring of willpower
MPRegen 0.11/turn               (no ring)

@: mighty
A: (nimble swimmer 2), mertail, iridescent scales 1, deformed body, MP-powered
wands
a: Renounce Religion, Heroism


You were on level 5 of the Dungeon.
You worshipped Okawaru.
Okawaru was aware of your devotion.
You visited 2 branches of the dungeon, and saw 6 of its levels.

You collected 314 gold pieces.

Inventory:

Hand Weapons
 a - a +0 long sword (weapon)
 u - a +1 dagger of speed
Missiles
 d - a throwing net
 e - a javelin
 g - 104 stones (quivered)
 o - 15 poisoned darts
Armour
 c - a +0 helmet (worn)
 i - a +0 chain mail
 z - a +0 pair of gloves (worn)
 B - a +0 ring mail (worn)
Jewellery
 m - a ring of willpower (left hand)
Wands
 b - a wand of paralysis (9)
 y - a wand of polymorph (6)
Scrolls
 r - a scroll of amnesia
Potions
 f - a potion of attraction {unknown}
 j - a potion of invisibility {unknown}
 l - a potion of mutation
 p - 2 potions of resistance
 q - 2 potions of magic {unknown}
 s - a potion of heal wounds {unknown}
 v - 3 potions of degeneration
 w - 3 potions of curing


   Skills:
 + Level 5.0 Fighting
 * Level 8.1 Long Blades
 - Level 2.0 Throwing
 + Level 2.9 Armour
 - Level 4.0 Dodging
 + Level 2.3 Invocations


You had 7 spell levels left.
You didn't know any spells.
Your spell library contained the following spells:

 Spells                   Type           Power      Damage    Failure   Level
 Magic Dart               Conj           0%         1d3       67%         1
 Blink                    Tloc           0%         N/A       80%         2
 Static Discharge         Conj/Air       0%         N/A       80%         2
 Dazzling Flash           Conj/Hex       0%         N/A       95%         3
 Mephitic Cloud           Conj/Pois/Air  0%         N/A       95%         3
 Dispel Undead            Necr           0%         3d6       100%        4
 Hailstorm                Conj/Ice       0%         3d3       100%        4
 Sticky Flame             Conj/Fire      0%         2d3       100%        4
 Manifold Assault         Tloc           0%         N/A       100%        5
 Orb of Destruction       Conj           0%         9d5       100%        7
 Storm Form               Tmut/Air       0%         N/A       100%        7
 Polar Vortex             Ice            0%         N/A       100%        9
 Call Imp                 Summ           Unusable   N/A       N/A         2
 Summon Guardian Golem    Hex/Summ       Unusable   N/A       N/A         3
 Spellforged Servitor     Conj/Summ      Unusable   N/A       N/A         7

Dungeon Overview and Level Annotations

Branches:
Dungeon (5/15)             Temple (1/1) D:4

Altars:
Ashenzari
Elyvilon
Gozag
Makhleb
Okawaru
Ru
Sif Muna
Vehumet
Wu Jian
Zin

Annotations:
D:5 2 runed translucent doors


Innate Abilities, Weirdness & Mutations

((You are very nimble when in or above water. (Stealth+, EV+, Speed+++)))
Your lower body shifts to a powerful aquatic tail in water.
You are partially covered in iridescent scales. (AC +2)
Armour fits poorly on your strangely shaped body.
You expend magic power (3 MP) to strengthen your wands.


Message History

The gnoll barely misses you.
Items here: )) [ †.
The gnoll barely misses you.
Okay, then.
Okay, then.
It was a potion of might.
You feel very mighty all of a sudden. The gnoll closely misses you.
The gnoll barely misses you. The gnoll hits you but does no damage.
You barely miss the gnoll. The gnoll closely misses you.
The gnoll hits you from afar with a +0 spear.
The gnoll closely misses you. The gnoll hits you with a +0 spear.
* * * LOW HITPOINT WARNING * * *
You slash the gnoll!
The gnoll is almost dead.
The gnoll closely misses you. The gnoll barely misses you.
The gnoll closely misses you.
You slash the gnoll!
You kill the gnoll!
Okawaru accepts your kill.
The gnoll hits you from afar with a +0 spear.
* * * LOW HITPOINT WARNING * * *
The gnoll hits you from afar with a +0 halberd.
* * * LOW HITPOINT WARNING * * *
It was a potion of mutation.
You feel extremely strange.
Your body twists and deforms.
You feel your magical essence link to the dungeon's wands.
Iridescent scales grow over part of your body.
The gnoll hits you from afar with a +0 spear.
* * * LOW HITPOINT WARNING * * *
The gnoll closely misses you. The gnoll hits you with a +0 spear.
* * * LOW HITPOINT WARNING * * *
The gnoll closely misses you. The gnoll barely misses you.
Items here: ))) [ ††.
You slash the gnoll!
You kill the gnoll!
Okawaru accepts your kill. The gnoll misses you.
The gnoll hits you with a +0 halberd!
You die...

**,..........,,,,,....
*,..........,,,,,....
**,.........,,,,,....
**....(....,,,,,..#*
##..(.....,,,,,.,**
##(..(.....,,,,,,,,,
##..(..?....*>,,,,,,,
#..)gg######****,,,,,
#.[)@##### *,,,,,
##.......### *,,,,*
#.........## *,,,**
#..........## *,,,*
#...#####...# **,,*
##### ##..## *,,**
##..# **,,* #..# **,,
#..# **,


You could see 2 gnolls.

Vanquished Creatures
  A black bear (D:4)
  A centaur (D:5)
  Blork the orc (D:4)
  A necrophage (D:5)
  3 scorpions
  3 hounds
  A gnoll shaman (D:5)
  Jessica (D:2)
  4 orc wizards
  3 gnolls (D:5)
  6 adders
  5 worms
  4 dart slugs
  3 orcs
  5 endoplasms
  A giant cockroach (D:4)
  6 goblins
  6 hobgoblins
  7 jackals
  7 kobolds
  3 quokkas
  12 ball pythons
  7 bats
  4 frilled lizards
  12 rats
107 creatures vanquished.

Vanquished Creatures (others)
  4 fungi (D:1)
  A plant (D:1)
5 creatures vanquished.

Grand Total: 112 creatures vanquished

Notes
Turn   | Place    | Note
-------+----------+-------------------------------------------
     0 | D:1      | jejorda2 the Merfolk Gladiator began the quest for the Orb.
     0 | D:1      | Reached XP level 1. HP: 16/16 MP: 1/1
    35 | D:1      | You fall into a shaft and drop 1 floor!
   129 | D:1      | Reached skill level 4 in Long Blades
   129 | D:1      | Reached XP level 2. HP: 22/23 MP: 2/2
   537 | D:1      | Reached XP level 3. HP: 25/28 MP: 3/3
   613 | D:1      | Found a faded altar of an unknown god.
  1471 | D:2      | Reached skill level 1 in Armour
  1482 | D:2      | Reached XP level 4. HP: 21/34 MP: 4/4
  1681 | D:2      | Reached skill level 5 in Long Blades
  1933 | D:2      | Noticed Jessica
  1942 | D:2      | Killed Jessica
  2333 | D:3      | Identified the +4 mace of Spores {flame, *Noise rF+ Dex+6}
  2475 | D:3      | Reached XP level 5. HP: 35/41 MP: 5/5
  2598 | D:3      | Reached skill level 6 in Long Blades
  3328 | D:3      | Reached XP level 6. HP: 32/48 MP: 6/6
  3811 | D:4      | Found a staircase to the Ecumenical Temple.
  3819 | D:4      | Got the Grimoire of the Hurtful Snowflakes
  3867 | D:4      | Found an opulent altar of Gozag.
  3868 | D:4      | Found a sacrificial altar of Ru.
  4136 | D:4      | Noticed Blork the orc
  4157 | D:5      | Entered Level 5 of the Dungeon
  4419 | D:4      | Killed Blork the orc
  4420 | D:4      | Reached skill level 7 in Long Blades
  4574 | Temple   | Entered the Ecumenical Temple
  4580 | Temple   | Became a worshipper of Warmaster Okawaru
  4641 | D:5      | Noticed a black bear
  4651 | D:4      | Killed a black bear
  4652 | D:4      | Reached XP level 7. HP: 32/55 MP: 7/7
  4875 | D:5      | Reached skill level 1 in Invocations
  4960 | D:5      | Found a large runed translucent door.
  4961 | D:5      | Found a large runed translucent door.
  5226 | D:5      | Reached * piety under Okawaru
  5227 | D:5      | Reached skill level 5 in Fighting
  5227 | D:5      | Reached skill level 8 in Long Blades
  5227 | D:5      | Reached XP level 8. HP: 28/62 MP: 9/9
  5426 | D:5      | Gained mutation: Armour fits poorly on your strangely
                  | shaped body. [potion of mutation]
  5426 | D:5      | Gained mutation: You expend magic power (3 MP) to
                  | strengthen your wands. [potion of mutation]
  5426 | D:5      | Gained mutation: You are partially covered in iridescent
                  | scales. (AC +2) [potion of mutation]
  5428 | D:5      | Slain by a gnoll

Illustrated notes

Levels and vault maps discovered:
D:1:      elethiomel_arrival_shortcut, layout_basic,
          shapermc_ecumenical_altar_acropolis, minivault_24
D:2:      layout_basic, minmay_misc_feat_tiny, minmay_crystal_water,
          corexii_corridor_pit, small_statue_intersection, item_on_display_a,
          uniq_jessica
D:3:      layout_loops_ring
D:4:      layout_rooms, jmf_multi_god_temple, minmay_temple_entry_offerings,
          uniq_blork_the_orc
D:5:      layout_layer_cave, minmay_hollow_rounded_squares
Temple:   eino_narrow_crystal_temple

Skill      XL: |  1  2  3  4  5  6  7 |
---------------+----------------------+-----
Long Blades    | 4 5 6 7 8 |  8.1
Armour         | 1 2 |  2.9
Fighting       | 3 4 5 |  5.0
Invocations    | 2 |  2.3
Throwing       | |  2.0
Dodging        | |  4.0

Action                   |  1- 3 |  4- 6 |  7- 9 || total
-------------------------+-------+-------+-------++-------
Melee: Long sword        |   140 |   204 |    42 ||   386
       Punch             |       |     2 |       ||     2
Throw: Stone             |    30 |    13 |    22 ||    65
       Dart              |       |     4 |       ||     4
       Throwing net      |       |     3 |       ||     3
  Use: Scroll            |       |     6 |     3 ||     9
       Potion            |       |       |     2 ||     2
 Stab: Held in net/web   |       |     1 |       ||     1
Armor: Leather armour    |    12 |       |       ||    12
       Chain mail        |    69 |   110 |       ||   179
       Ring mail         |       |     7 |    21 ||    28
Dodge: Dodged            |    67 |    77 |    38 ||   182

Table legend: (Time is in decaauts)
 A = Elapsed time spent in this place.
 B = Non-inter-level travel time spent in this place.
 C = Inter-level travel time spent in this place.
 D = Time resting spent in this place.
 E = Time spent auto-exploring this place.
 F = Levels seen in this place.
 G = Mean time per level.
                   A        B        C        D        E       F      G
               +--------+--------+--------+--------+--------+-----+--------+
         Total |   5471 |   5252 |    219 |    401 |   3816 |   6 |  911.8 |
       Dungeon |   5458 |   5249 |    209 |    401 |   3816 |   5 | 1091.6 |
        Temple |     12 |      2 |     10 |      0 |      0 |   1 |   12.0 |
               +--------+--------+--------+--------+--------+-----+--------+

Top non-repeatable levels by time:
     D:3: 1350 daAuts
     D:1: 1196 daAuts
     D:2: 1142 daAuts
     D:5: 916 daAuts
     D:4: 853 daAuts
  Temple: 12 daAuts
